[Event "Titled Tuesday Blitz March 22 Early 2022"]
[White "Daneshvar, Bardiya"]
[Black "Martinez Alcantara, Jose Eduardo"]
[WhiteFideId "12576468"]
[BlackFideId "3805662"]
[WhiteElo "2295"]
[BlackElo "2690"]
[Result "0-1"]
[Round "03"]
[TimeControl "180+1"]
[Date "2022.03.22"]
[WhiteClock "0:01:04"]
[BlackClock "0:00:26"]

1. d4 Nf6 2. c4 e6 3. Nf3 Bb4+ 4. Nbd2 b6 5. a3 Bxd2+ 6. Bxd2 Bb7 7. e3 d5 8. Rc1 O-O 9. c5 a5 10. cxb6 cxb6 11. Bb5 Ne4 12. O-O Nd6 13. Bd3 Nc6 14. a4 h6 15. Bc3 Ba6 16. Bxa6 Rxa6 17. Qd3 Ra7 18. Nd2 Qa8 19. b3 Rc8 20. f3 Rac7 21. Qb1 Qa6 22. e4 b5 23. e5 Nf5 24. Qa1 b4 25. Bb2 Qb6 26. Kh1 Nfxd4 27. Rfe1 Nf5 28. g4 Nfe7 29. f4 Qf2 30. Rcd1 Qxf4 31. Rf1 Qe3 32. Rf3 Qb6 33. Rdf1 Ng6 34. Qe1 Qc5 35. h4 d4 36. Ne4 Qd5 37. Nd6 Ngxe5 38. Nxc8 Nxf3 39. Nb6 Nxe1+ 40. Nxd5 exd5 41. Rxe1 f6 42. Kg2 Kf7 43. Kf2 Ne5 44. Rd1 Rc2+ 0-1


[Site "https://www.chess.com"]

[Event "Titled Tuesday Blitz March 22 Early 2022"]
[White "Danilenko, Dmitriy"]
[Black "Gaehwiler, Gabriel"]
[WhiteFideId "14120844"]
[BlackFideId "1314530"]
[WhiteElo "2606"]
[BlackElo "2383"]
[Result "0-1"]
[Round "03"]
[TimeControl "180+1"]
[Date "2022.03.22"]
[WhiteClock "0:00:16"]
[BlackClock "0:00:12"]

1. e4 e5 2. Nf3 Nf6 3. Nc3 Nc6 4. a3 d6 5. d4 exd4 6. Nxd4 Bd7 7. Bc4 g6 8. O-O Bg7 9. Nxc6 Bxc6 10. Re1 O-O 11. h3 Nxe4 12. Bxf7+ Rxf7 13. Nxe4 Qf8 14. f3 Re8 15. Nf2 Rxe1+ 16. Qxe1 Bd4 17. c3 Bb6 18. Qe6 Kg7 19. Bg5 h6 20. Bh4 g5 21. Bg3 Re7 22. Qc4 Qf5 23. Kh1 h5 24. h4 g4 25. fxg4 hxg4 26. Qxg4+ Qxg4 27. Nxg4 Re2 28. Kh2 Rxg2+ 29. Kh3 Rxb2 30. h5 Bd7 31. Kh4 Re2 32. h6+ Kg6 33. Bf4 Rg2 34. Ne3 Bxe3 35. h7 Rg4+ 36. Kh3 Rxf4+ 37. Kg3 Kg7 38. Rh1 Kh8 39. Re1 Re4 40. Kf3 Re5 41. Rxe3 Bc6+ 42. Kf4 Rxe3 43. Kxe3 Kxh7 44. Kd4 Kg7 45. c4 Kf6 46. c5 d5 47. Kc3 Ke5 48. Kd3 d4 49. Ke2 Ke4 50. Kd2 d3 51. Kd1 Ke3 52. Ke1 d2+ 0-1


[Site "https://www.chess.com"]

[Event "Titled Tuesday Blitz March 22 Early 2022"]
[White "Deac, Bogdan-Daniel"]
[Black "Kanyamarala, Trisha"]
[WhiteFideId "1226380"]
[BlackFideId "45004722"]
[WhiteElo "2646"]
[BlackElo "2047"]
[Result "1-0"]
[Round "03"]
[TimeControl "180+1"]
[Date "2022.03.22"]
[WhiteClock "0:00:27"]
[BlackClock "0:00:05"]

1. c4 e5 2. a3 Nf6 3. d3 c6 4. Nf3 d6 5. g3 Be7 6. Bg2 O-O 7. O-O Nbd7 8. Nc3 d5 9. cxd5 cxd5 10. d4 e4 11. Nh4 Nb6 12. f3 Ne8 13. fxe4 Bxh4 14. gxh4 Qxh4 15. exd5 Bh3 16. e4 Bxg2 17. Kxg2 Nd6 18. Bf4 Rad8 19. Qe1 Qxe1 20. Raxe1 Rfe8 21. b3 a6 22. e5 Nb5 23. Nxb5 axb5 24. d6 Nd5 25. Bg3 Ra8 26. Rf3 Rxa3 27. Rc1 h6 28. Rc5 Nb4 29. Rc7 Ra2+ 30. Kh3 Rf8 31. e6 fxe6 32. Rxf8+ Kxf8 33. Rc8+ Kf7 34. d7 Nc6 35. Bd6 Rd2 36. Rxc6 Rd3+ 37. Kg2 Rd2+ 38. Kf3 bxc6 39. d8=Q Rxd4 40. Qe7+ Kg6 41. Qxe6+ 1-0


[Site "https://www.chess.com"]

[Event "Titled Tuesday Blitz March 22 Early 2022"]
[White "Demin, Vladimir"]
[Black "Svidler, Peter"]
[WhiteFideId "4167457"]
[BlackFideId "4102142"]
[WhiteElo "2536"]
[BlackElo "2725"]
[Result "0-1"]
[Round "03"]
[TimeControl "180+1"]
[Date "2022.03.22"]
[WhiteClock "0:00:02"]
[BlackClock "0:00:49"]

1. d4 Nf6 2. g4 Nxg4 3. e4 d6 4. f3 Nf6 5. Be3 e5 6. Ne2 Be7 7. Nbc3 Nbd7 8. Qd2 c6 9. Rg1 g6 10. O-O-O b5 11. d5 b4 12. dxc6 bxc3 13. cxd7+ Bxd7 14. Nxc3 O-O 15. Bg5 Be6 16. Kb1 Rb8 17. b3 Qb6 18. Be2 Rfc8 19. Bxf6 Bxf6 20. Nd5 Bxd5 21. Qxd5 Rc6 22. Bc4 Qc7 23. Ka1 Kg7 24. Rg2 Rbb6 25. Qd3 a5 26. a4 Rb4 27. Bb5 Rb6 28. h4 Bxh4 29. Kb2 Rd4 30. Qe2 d5 31. Rxd4 exd4 32. Qd3 dxe4 33. fxe4 Bf6 34. Rg3 Be5 35. Rf3 h5 36. Bc4 Rf6 37. Rxf6 Bxf6 0-1


[Site "https://www.chess.com"]

[Event "Titled Tuesday Blitz March 22 Early 2022"]
[White "Devaev, Alexander"]
[Black "Al-Tarboush, Ward"]
[WhiteFideId "4169395"]
[BlackFideId "7601450"]
[WhiteElo "2185"]
[BlackElo "2276"]
[Result "0-1"]
[Round "03"]
[TimeControl "180+1"]
[Date "2022.03.22"]
[WhiteClock "0:00:13"]
[BlackClock "0:00:09"]

1. d4 d5 2. c4 c6 3. cxd5 cxd5 4. Nc3 Nf6 5. Bf4 Nc6 6. e3 Bg4 7. f3 Bd7 8. Bb5 a6 9. Bxc6 Bxc6 10. Nh3 e6 11. O-O Be7 12. Nf2 Nh5 13. Be5 f6 14. Bf4 Nxf4 15. exf4 O-O 16. Re1 Bd7 17. Qd2 Bd6 18. Nd3 Rc8 19. Rad1 Qb6 20. Qf2 Rfe8 21. Kh1 Qc7 22. g3 b5 23. a3 a5 24. Rc1 Qb6 25. b4 axb4 26. axb4 Rc4 27. Nc5 Bc8 28. f5 e5 29. dxe5 Rxe5 30. Rxe5 Bxe5 31. Ne2 Bxf5 32. Rd1 Rxb4 33. Rxd5 Be6 34. Rd2 Rc4 35. Ne4 Qxf2 36. Nxf2 b4 37. Nd3 Bc3 38. Rc2 Bf5 39. Nxb4 Bxc2 40. Nxc2 Bd2 41. Ncd4 Be3 42. Nf5 Bc5 43. Kg2 Rc2 44. Kf1 g6 45. Nh4 Kf7 46. h3 Bd6 47. f4 f5 48. Nf3 Ra2 49. Nfd4 Ra1+ 50. Kf2 Bc5 51. Kf3 Ra3+ 52. Kg2 Re3 53. Kf1 Bxd4 54. Nxd4 Rxg3 55. Kf2 Rxh3 56. Nf3 Rxf3+ 57. Kxf3 h6 0-1


[Site "https://www.chess.com"]

[Event "Titled Tuesday Blitz March 22 Early 2022"]
[White "Dixit, Nikhil"]
[Black "Brodowski, Piotr"]
[WhiteFideId "5059534"]
[BlackFideId "1124480"]
[WhiteElo "2223"]
[BlackElo "2422"]
[Result "1-0"]
[Round "03"]
[TimeControl "180+1"]
[Date "2022.03.22"]
[WhiteClock "0:00:21"]
[BlackClock "0:00:26"]

1. e4 d6 2. Nc3 Nf6 3. Nge2 g6 4. g3 Bg7 5. Bg2 O-O 6. O-O c5 7. d3 Nc6 8. h3 Rb8 9. Nf4 b5 10. Ncd5 Nxd5 11. exd5 Ne5 12. Re1 a5 13. a4 b4 14. Rb1 b3 15. c4 Bd7 16. Ra1 Re8 17. Bd2 Bf5 18. Bc3 h5 19. Qd2 Ra8 20. Ra3 Qb6 21. Qd1 Reb8 22. Be4 Bd7 23. Kh2 Re8 24. Ne2 Bf5 25. Bxf5 gxf5 26. Nc1 e6 27. Rxb3 Qc7 28. f4 Ng6 29. Bxg7 Kxg7 30. dxe6 fxe6 31. Qxh5 Qf7 32. Qf3 Rab8 33. Rb5 e5 34. Ne2 Qf6 35. Rg1 Kf8 36. Nc3 Rxb5 37. axb5 e4 38. dxe4 fxe4 39. Nxe4 Qxb2+ 40. Rg2 Qd4 41. Ng5 Qxc4 42. Qh5 Qg8 43. f5 Ne5 44. f6 Nf7 45. Nh7+ Qxh7 46. Qxh7 Ne5 47. Qg7# 1-0


[Site "https://www.chess.com"]

[Event "Titled Tuesday Blitz March 22 Early 2022"]
[White "Fiorito, Fabian"]
[Black "Perez Gormaz, Matias"]
[WhiteFideId "100200"]
[BlackFideId "3406342"]
[WhiteElo "2395"]
[BlackElo "2327"]
[Result "1-0"]
[Round "03"]
[TimeControl "180+1"]
[Date "2022.03.22"]
[WhiteClock "0:00:07"]
[BlackClock "0:00:02"]

1. e4 b6 2. d4 Bb7 3. Bd3 Nf6 4. Nd2 Nc6 5. c3 e5 6. Ngf3 d6 7. O-O g6 8. Bb5 Nd7 9. dxe5 dxe5 10. Nc4 Bg7 11. Bg5 f6 12. Be3 a6 13. Bxc6 Bxc6 14. Qc2 Qe7 15. Rfd1 O-O 16. a4 Nc5 17. Nfd2 a5 18. b4 Ne6 19. bxa5 bxa5 20. Nb3 f5 21. f3 fxe4 22. fxe4 Qh4 23. Bf2 Qg4 24. h3 Qg5 25. Ncxa5 Nf4 26. Bc5 Nxh3+ 27. Kh2 Qf4+ 28. Kxh3 Bxe4 29. Qe2 Rf5 30. g4 Rh5+ 31. gxh5 Bf5+ 32. Kg2 Be4+ 33. Kg1 Qg3+ 34. Kf1 Qh3+ 35. Ke1 Qxc3+ 36. Qd2 Qg3+ 37. Qf2 Qc3+ 38. Nd2 Bh6 39. Rac1 Qxa5 40. Be3 Bf8 41. Kf1 Bd3+ 42. Kg1 Bd6 43. Bh6 Qd5 44. Nf3 Qe4 45. Ng5 Qg4+ 46. Qg2 Qxg2+ 47. Kxg2 Bf5 48. hxg6 Bxg6 49. Nf3 e4 50. Nh4 Rxa4 51. Nxg6 hxg6 52. Be3 Kf7 53. Rd2 Ke6 54. Kf2 Ra3 55. Ke2 Kf5 56. Rcd1 Ke6 57. Rd5 Ra2+ 58. R5d2 Ra3 59. Bd4 Rh3 60. Rf1 Rh2+ 61. Rf2 Rh3 62. Rc2 g5 63. Rg2 Kf5 64. Be3 Bf4 65. Rc5+ Ke6 66. Bxf4 gxf4 67. Rg6+ Kf7 68. Rgc6 Rh2+ 69. Kf1 f3 70. Rxc7+ Ke6 71. R7c6+ Kd7 72. Rc7+ Kd6 73. R7c6+ Kd7 74. Rc2 Rh3 75. Kf2 Rh2+ 76. Ke3 Re2+ 77. Rxe2 fxe2 78. Rc1 1-0


[Site "https://www.chess.com"]

[Event "Titled Tuesday Blitz March 22 Early 2022"]
[White "Flis, Pawel"]
[Black "Dinu, Dumitru-Daniel"]
[WhiteFideId "1112864"]
[BlackFideId "1208403"]
[WhiteElo "1735"]
[BlackElo "2240"]
[Result "0-1"]
[Round "03"]
[TimeControl "180+1"]
[Date "2022.03.22"]
[WhiteClock "0:00:18"]
[BlackClock "0:01:40"]

1. e4 c5 2. d4 cxd4 3. Nf3 g6 4. Nxd4 Nc6 5. c4 Nf6 6. Nc3 d6 7. Be2 Nxd4 8. Qxd4 Bg7 9. Be3 O-O 10. Qd2 a5 11. O-O a4 12. b4 axb3 13. axb3 Be6 14. Rxa8 Qxa8 15. f3 Qa3 16. Qd1 Rc8 17. Nb5 Qa5 18. Qa1 Qxa1 19. Rxa1 Ng4 20. Bd4 Ne5 21. Ra7 Rb8 22. f4 Nc6 23. Bxg7 Nxa7 24. Nxa7 Kxg7 25. Nb5 Ra8 26. Kf2 Ra2 27. Ke3 Rb2 28. Nd4 Bd7 29. Bf3 e5 30. fxe5 dxe5 31. Ne2 Rxb3+ 32. Kd2 Be6 33. Nc1 Rb4 34. Be2 Bxc4 35. Na2 Bxa2 0-1


[Site "https://www.chess.com"]

[Event "Titled Tuesday Blitz March 22 Early 2022"]
[White "Gabdrakhmanov, Azat"]
[Black "Pranav, V"]
[WhiteFideId "34189197"]
[BlackFideId "25060783"]
[WhiteElo "2279"]
[BlackElo "2349"]
[Result "0-1"]
[Round "03"]
[TimeControl "180+1"]
[Date "2022.03.22"]
[WhiteClock "0:00:13"]
[BlackClock "0:01:36"]

1. e4 e5 2. Nf3 Nc6 3. Bb5 a6 4. Ba4 Nf6 5. O-O b5 6. Bb3 Bc5 7. c3 d6 8. d4 Bb6 9. Bg5 h6 10. Bh4 g5 11. Bg3 exd4 12. Nxd4 Nxd4 13. cxd4 h5 14. e5 h4 15. exf6 Qxf6 16. Be5 dxe5 17. dxe5 Qf4 18. Nc3 Bb7 19. Nd5 Bxd5 20. Bxd5 Rd8 21. Bc6+ Ke7 22. Qb3 Rd2 23. Qf3 Qxf3 24. Bxf3 Rxb2 25. a4 Rd8 26. a5 Bd4 27. Rfc1 Rxf2 0-1


[Site "https://www.chess.com"]

[Event "Titled Tuesday Blitz March 22 Early 2022"]
[White "Gabrielian, Artur"]
[Black "Willow, Jonah B"]
[WhiteFideId "4131002"]
[BlackFideId "438804"]
[WhiteElo "2440"]
[BlackElo "2261"]
[Result "1-0"]
[Round "03"]
[TimeControl "180+1"]
[Date "2022.03.22"]
[WhiteClock "0:00:11"]
[BlackClock "0:00:10"]

1. e4 c5 2. Nc3 Nc6 3. Bb5 Nd4 4. Nf3 e6 5. O-O a6 6. Bd3 Nc6 7. Nd5 Nf6 8. Re1 d6 9. Nxf6+ Qxf6 10. c3 e5 11. h3 Be7 12. Bc4 h6 13. d4 exd4 14. cxd4 cxd4 15. Bd5 O-O 16. Bxc6 bxc6 17. Qxd4 c5 18. Qxf6 Bxf6 19. Bf4 Bxb2 20. Rab1 Ba3 21. Bxd6 Rd8 22. e5 Be6 23. Re3 Bf5 24. Rb7 Bc1 25. Rc3 Be4 26. Rc7 Bb2 27. R3xc5 Ba3 28. Rc3 Bxd6 29. exd6 Rxd6 30. Ne5 Re8 31. Rc8 Rxc8 32. Rxc8+ Kh7 33. Nxf7 Rd1+ 34. Kh2 Rd2 35. Kg3 Rxa2 36. f3 Bd5 37. Ne5 a5 38. Rd8 Be6 39. Rd6 Bb3 40. Ra6 a4 41. Ra7 Re2 42. f4 Bd5 43. Rxa4 Rxg2+ 44. Kh4 Be6 45. Ng4 Bf5 46. Ra5 Bd7 47. Ra7 Be8 48. Nf6+ Kg6 49. Nxe8 Rf2 50. Rxg7+ Kf5 51. Rf7+ Kg6 52. Rf6+ Kh7 53. Kg3 Ra2 54. Nd6 Ra3+ 55. Kg4 Kg7 56. Re6 Ra5 57. Nf5+ Kh7 58. Rxh6+ Kg8 59. Rf6 Kh8 60. h4 Kh7 61. h5 Kh8 62. Kg5 Ra7 63. h6 Kh7 64. Re6 Kh8 65. Re8+ Kh7 66. Re7+ Kh8 67. Rxa7 1-0


[Site "https://www.chess.com"]

[Event "Titled Tuesday Blitz March 22 Early 2022"]
[White "Garriga Cazorla, Pere"]
[Black "Jumabayev, Rinat"]
[WhiteFideId "32011601"]
[BlackFideId "13702661"]
[WhiteElo "2458"]
[BlackElo "2561"]
[Result "0-1"]
[Round "03"]
[TimeControl "180+1"]
[Date "2022.03.22"]
[WhiteClock "0:00:02"]
[BlackClock "0:00:09"]

1. d4 Nf6 2. c4 e6 3. Nc3 Bb4 4. Qc2 c5 5. dxc5 Bxc5 6. Nf3 b6 7. Bf4 Bb7 8. e3 O-O 9. Be2 Nc6 10. O-O Rc8 11. Rad1 h6 12. a3 Be7 13. Bd6 Bxd6 14. Rxd6 Qe7 15. Rfd1 Na5 16. Ne5 Rfd8 17. b4 Nc6 18. Nxc6 Bxc6 19. Qd2 Ne8 20. Rd4 d6 21. f4 a5 22. e4 axb4 23. axb4 e5 24. fxe5 Qxe5 25. Rf1 Nf6 26. Rf5 Qe7 27. Qf4 Nh7 28. Nd5 Qa7 29. h4 Nf8 30. Qf2 Bxd5 31. exd5 Re8 32. Rg4 Rc7 33. Bd3 Qa1+ 34. Kh2 Re1 35. Qf4 Rh1+ 36. Kg3 Qe1+ 37. Qf2 Qc3 38. Qe3 Re1 39. Qf3 Rce7 40. Re4 R1xe4 41. Bxe4 Qe1+ 42. Kf4 Qxb4 43. Kg4 Qe1 44. Bd3 Ng6 45. g3 Ne5+ 46. Rxe5 Qxe5 47. Kh3 h5 48. Qd1 g6 49. Qf3 Kg7 50. Qd1 Ra7 51. Qf3 Ra3 52. Qf1 Qe3 0-1


[Site "https://www.chess.com"]

[Event "Titled Tuesday Blitz March 22 Early 2022"]
[White "Garv Gaur"]
[Black "Golsta, Madara"]
[WhiteFideId "45030839"]
[BlackFideId "11607386"]
[WhiteElo "1950"]
[BlackElo "1997"]
[Result "1-0"]
[Round "03"]
[TimeControl "180+1"]
[Date "2022.03.22"]
[WhiteClock "0:01:03"]
[BlackClock "0:00:08"]

1. d4 Nf6 2. Nf3 g6 3. c4 Bg7 4. g3 O-O 5. Bg2 c5 6. d5 e6 7. O-O exd5 8. cxd5 b5 9. Re1 Re8 10. a4 b4 11. Nbd2 Ba6 12. e4 d6 13. Qc2 Nbd7 14. a5 Rc8 15. Nc4 Bxc4 16. Qxc4 Ng4 17. Bf4 Nge5 18. Qa6 Qc7 19. Rac1 c4 20. Nd4 Nc5 21. Qb5 Ncd3 22. Bxe5 Bxe5 23. Nc6 Nxe1 24. Rxe1 c3 25. bxc3 Bxc3 26. Rc1 Rb8 27. Qc4 Rec8 28. Bh3 Re8 29. Bg2 Rec8 30. h4 h5 31. Kh2 Qe7 32. Nxe7+ 1-0


[Site "https://www.chess.com"]

[Event "Titled Tuesday Blitz March 22 Early 2022"]
[White "Gatterer, Florian"]
[Black "Fernandez, Daniel Howard"]
[WhiteFideId "811688"]
[BlackFideId "5801605"]
[WhiteElo "2218"]
[BlackElo "2466"]
[Result "0-1"]
[Round "03"]
[TimeControl "180+1"]
[Date "2022.03.22"]
[WhiteClock "0:00:04"]
[BlackClock "0:00:18"]

1. Nf3 d5 2. d4 Nf6 3. g3 c6 4. Bg2 Bg4 5. Ne5 Bf5 6. c4 e6 7. Nc3 Nbd7 8. Qb3 Qc8 9. cxd5 exd5 10. O-O Be7 11. Bf4 O-O 12. Rac1 Be6 13. h3 Nxe5 14. Bxe5 Bxh3 15. Bxf6 Bxf6 16. e3 Bxg2 17. Kxg2 Qd7 18. Rh1 g6 19. Rh2 h5 20. Rch1 Kg7 21. Ne2 Rh8 22. Nf4 Rab8 23. Qd1 Qf5 24. f3 Rbe8 25. Kf2 Bg5 26. g4 hxg4 27. Rxh8 Rxh8 28. Rxh8 Kxh8 29. fxg4 Bh4+ 30. Kg1 Qe4 31. Ng2 Bg5 32. Kf2 Kg7 33. Qb3 b6 34. Qa3 Qc2+ 35. Kf3 a5 36. Qd6 Qxb2 37. Qxc6 Qxa2 38. Qxb6 a4 39. Qd6 a3 40. Nf4 Bxf4 41. Qxf4 Qc4 42. Qe5+ Kh7 43. Qh2+ Kg8 44. Qb8+ Kg7 45. Qe5+ Kf8 46. Qb8+ Ke7 47. Qe5+ Kd7 48. Qg7 Qf1+ 49. Kg3 a2 50. Qe5 Qg1+ 51. Kf3 Qh1+ 52. Kg3 a1=Q 53. Qf6 Qag1+ 54. Kf4 Qf2+ 55. Kg5 Qhh4# 0-1


[Site "https://www.chess.com"]

[Event "Titled Tuesday Blitz March 22 Early 2022"]
[White "Golubev, Mikhail"]
[Black "Dushyant Sharma"]
[WhiteFideId "14100983"]
[BlackFideId "25065130"]
[WhiteElo "2374"]
[BlackElo "2105"]
[Result "1-0"]
[Round "03"]
[TimeControl "180+1"]
[Date "2022.03.22"]
[WhiteClock "0:00:12"]
[BlackClock "0:01:12"]

1. e4 d5 2. exd5 Nf6 3. Nf3 Bg4 4. Bb5+ c6 5. dxc6 Nxc6 6. h3 Bh5 7. d4 e6 8. O-O Bd6 9. Nc3 O-O 10. Bxc6 bxc6 11. Bg5 Qb6 12. Qd2 Bxf3 13. gxf3 Nd5 14. Ne4 Be7 15. c4 Bxg5 16. Qxg5 f6 17. Qd2 Ne7 18. Nc5 Nf5 19. Nxe6 Rfe8 20. Rae1 Kf7 21. Nc5 Red8 22. Qe2 Nxd4 23. Qe7+ Kg8 24. Nd7 Nxf3+ 25. Kh1 Nxe1 26. Nxb6 Re8 27. Qd6 axb6 28. Qxc6 Nd3 29. Qd5+ Kh8 30. Qxd3 Rxa2 31. Qb3 Ra6 32. Qb5 Rea8 33. Re1 h6 34. Re8+ Rxe8 35. Qxe8+ Kh7 36. Kg2 Ra2 37. Qb5 Rxb2 38. Qxb2 1-0


[Site "https://www.chess.com"]

[Event "Titled Tuesday Blitz March 22 Early 2022"]
[White "Goriatchkin, Jouri"]
[Black "Griffith, Kyron"]
[WhiteFideId "4120183"]
[BlackFideId "2046318"]
[WhiteElo "1555"]
[BlackElo "2232"]
[Result "0-1"]
[Round "03"]
[TimeControl "180+1"]
[Date "2022.03.22"]
[WhiteClock "0:00:54"]
[BlackClock "0:01:56"]

1. d4 Nf6 2. c4 g6 3. Nc3 Bg7 4. e4 d6 5. f3 O-O 6. Be3 c5 7. Nge2 Nc6 8. Qd2 Qa5 9. Nc1 cxd4 10. Bxd4 Nxd4 11. Qxd4 Nxe4 12. Qxe4 Bxc3+ 13. Kf2 Bxb2 14. Rb1 Bxc1 0-1


[Site "https://www.chess.com"]

[Event "Titled Tuesday Blitz March 22 Early 2022"]
[White "Gracia Alvarez, Gerardo Antonio"]
[Black "Quirke, Jeffrey"]
[WhiteFideId "5109124"]
[BlackFideId "2013029"]
[WhiteElo "2139"]
[BlackElo "2218"]
[Result "0-1"]
[Round "03"]
[TimeControl "180+1"]
[Date "2022.03.22"]
[WhiteClock "0:00:55"]
[BlackClock "0:00:07"]

1. e4 c5 2. Nc3 a6 3. g3 b5 4. Bg2 Bb7 5. d3 e6 6. Nh3 b4 7. Ne2 d5 8. O-O dxe4 9. dxe4 Qxd1 10. Rxd1 Nf6 11. f3 Nc6 12. Be3 Be7 13. Nhf4 O-O 14. b3 Rfd8 15. Nd3 Nd7 16. f4 Na5 17. Nf2 c4 18. Nd4 Nc5 19. Kf1 Rac8 20. Ke2 f5 21. a3 cxb3 22. axb4 bxc2 23. Nxc2 Ncb3 24. Rxd8+ Bxd8 25. Rd1 Nc4 26. Nd4 Nxe3 27. Kxe3 Nxd4 28. Kxd4 Bb6+ 29. Ke5 Bxf2 30. Kxe6 Bxe4 31. Bf1 Bb6 32. Bxa6 Re8+ 33. Kd7 Rd8+ 0-1


[Site "https://www.chess.com"]

[Event "Titled Tuesday Blitz March 22 Early 2022"]
[White "Gulecyuz, Deniz"]
[Black "Kashefi, Amir Hosein"]
[WhiteFideId "30921341"]
[BlackFideId "12557935"]
[WhiteElo "1923"]
[BlackElo "2107"]
[Result "0-1"]
[Round "03"]
[TimeControl "180+1"]
[Date "2022.03.22"]
[WhiteClock "0:00:07"]
[BlackClock "0:01:45"]

1. Nf3 Nf6 2. g3 d5 3. Bg2 c6 4. O-O Bf5 5. d3 e6 6. c4 dxc4 7. dxc4 Qxd1 8. Rxd1 Nbd7 9. Nc3 Bc5 10. Bf4 h6 11. Bd6 Bxd6 12. Rxd6 Ke7 13. Rad1 Rhd8 14. b4 Ne8 15. R6d2 Nb6 16. Rxd8 Rxd8 17. Rxd8 Kxd8 18. Nd2 Nc7 19. a4 Bc2 20. a5 Na4 21. Nxa4 Bxa4 22. f4 Na6 23. b5 cxb5 24. Bxb7 Nc5 25. Bc6 b4 26. Bxa4 Nxa4 27. Kf2 Nc5 28. Ke3 Kc7 29. Kd4 Kc6 30. e4 f6 31. e5 f5 32. h3 h5 33. Nb1 Nb3+ 34. Kd3 Nxa5 35. Kc2 Nb7 36. Kb3 a5 37. Ka4 Kb6 38. Kb3 Nc5+ 39. Kb2 Ne4 40. g4 hxg4 41. hxg4 g6 42. gxf5 gxf5 43. Kc2 a4 44. Nd2 Nxd2 45. Kxd2 Kc5 0-1


[Site "https://www.chess.com"]

[Event "Titled Tuesday Blitz March 22 Early 2022"]
[White "Hakobyan, Aram"]
[Black "Kosteniuk, Alexandra"]
[WhiteFideId "13306677"]
[BlackFideId "4128125"]
[WhiteElo "2557"]
[BlackElo "2469"]
[Result "1-0"]
[Round "03"]
[TimeControl "180+1"]
[Date "2022.03.22"]
[WhiteClock "0:01:06"]
[BlackClock "0:01:24"]

1. d4 Nf6 2. Nf3 d5 3. c3 c5 4. dxc5 e6 5. Be3 Nbd7 6. b4 g6 7. g3 Bg7 8. Bg2 a5 9. Bd4 O-O 10. O-O Re8 11. Ne5 Qc7 12. Nxd7 Bxd7 13. f4 Ng4 14. Bxg7 Kxg7 15. h3 Nf6 16. Nd2 a4 17. Nf3 Bb5 18. Qd4 Qe7 19. Rfe1 Kg8 20. Ne5 Nh5 21. Kh2 f6 22. Ng4 Rad8 23. a3 Bc4 24. Qf2 e5 25. fxe5 fxe5 26. Rad1 e4 27. Qd4 Rf8 28. Nh6# 1-0


[Site "https://www.chess.com"]

[Event "Titled Tuesday Blitz March 22 Early 2022"]
[White "Heinemann, Josefine"]
[Black "Milchev, Nikolay"]
[WhiteFideId "12900460"]
[BlackFideId "2906090"]
[WhiteElo "2300"]
[BlackElo "2449"]
[Result "0-1"]
[Round "03"]
[TimeControl "180+1"]
[Date "2022.03.22"]
[WhiteClock "0:00:02"]
[BlackClock "0:01:33"]

1. Nf3 Nf6 2. c4 g6 3. Nc3 Bg7 4. e4 O-O 5. d4 d6 6. Be2 Bg4 7. Be3 Nbd7 8. O-O c5 9. d5 Bxf3 10. Bxf3 a6 11. a4 Qa5 12. h3 Qb4 13. a5 b5 14. axb6 Nxb6 15. Qc1 Nfd7 16. Be2 Ne5 17. Bd2 Nexc4 18. Ra4 Nxa4 19. Nxa4 Qxa4 20. Bxc4 Rfb8 21. b3 Rxb3 22. Bxb3 Qxb3 23. Bg5 Ra7 24. Qd2 a5 25. Qe2 a4 26. f4 Bd4+ 27. Kh2 Qb2 0-1


[Site "https://www.chess.com"]

[Event "Titled Tuesday Blitz March 22 Early 2022"]
[White "Hirneise, Jens"]
[Black "Melikhov, Evgeny V."]
[WhiteFideId "24614734"]
[BlackFideId "4122046"]
[WhiteElo "2359"]
[BlackElo "1945"]
[Result "1/2-1/2"]
[Round "03"]
[TimeControl "180+1"]
[Date "2022.03.22"]
[WhiteClock "0:00:15"]
[BlackClock "0:00:33"]

1. Nf3 f5 2. d3 Nf6 3. c4 d6 4. Nc3 e5 5. e4 f4 6. d4 Nc6 7. d5 Ne7 8. g3 g5 9. Nxg5 Bh6 10. gxf4 exf4 11. Bxf4 Bg4 12. f3 Bd7 13. Ne6 Bxe6 14. Bxh6 Bd7 15. Bg7 Ng6 16. Bxh8 Nxh8 17. Qd2 Qe7 18. O-O-O O-O-O 19. Qd4 Nf7 20. Qxa7 c6 21. dxc6 Bxc6 22. Bh3+ Kc7 23. Qa5+ Kb8 24. Kb1 Ne5 25. Nb5 Bxb5 26. cxb5 Nc4 27. Qc3 Nb6 28. e5 Nfd5 29. Qd4 dxe5 30. Qe4 Qd6 31. a4 Rf8 32. a5 Rf4 33. Qxh7 Nc4 34. Qg8+ Ka7 35. b6+ Ka6 36. Qxd5 Qb4 37. Qxc4+ Rxc4 38. Bf1 Kxa5 39. Bxc4 Qxc4 40. Rhe1 Qf4 41. Rd5+ Kxb6 42. Rdxe5 Qxf3 43. h4 Qg4 44. h5 Qf4 45. h6 Ka7 46. h7 Qh6 47. Re7 Qg6+ 48. R1e4 Qh5 49. Kc2 Qc5+ 50. Kd3 Qd5+ 51. Ke3 Qg5+ 52. Kd4 Qd2+ 53. Ke5 Qxb2+ 54. Kf5 Qf2+ 55. Kg6 Qg3+ 56. Kf7 Qf3+ 57. Ke8 Qh5+ 58. Rf7 Ka6 59. Re7 b5 60. Kf8 b4 61. Kg8 Qg4+ 62. Rg7 Qc8+ 63. Kf7 Qf5+ 64. Ke8 Qc8+ 65. Kf7 Qf5+ 66. Kg8 Qc8+ 67. Kf7 1/2-1/2


[Site "https://www.chess.com"]

[Event "Titled Tuesday Blitz March 22 Early 2022"]
[White "Hoeffer, David"]
[Black "Molina, Roberto Junio Brito"]
[WhiteFideId "24606766"]
[BlackFideId "2109450"]
[WhiteElo "2301"]
[BlackElo "2432"]
[Result "0-1"]
[Round "03"]
[TimeControl "180+1"]
[Date "2022.03.22"]
[WhiteClock "0:00:31"]
[BlackClock "0:01:05"]

1. e4 c6 2. d4 d5 3. exd5 cxd5 4. c4 Nf6 5. Nc3 e6 6. Nf3 Be7 7. Bg5 O-O 8. Be2 dxc4 9. Bxc4 a6 10. O-O b5 11. Bb3 Bb7 12. Ne5 Nc6 13. Nxc6 Bxc6 14. Qd3 b4 15. Ne2 Nd5 16. Bxe7 Qxe7 17. Rfd1 Rfd8 18. Rac1 Bb5 19. Qd2 Bxe2 20. Qxe2 Nf6 21. d5 e5 22. Rc6 a5 23. d6 Qe8 24. Rc7 Kh8 25. Bxf7 Qf8 26. Qxe5 Ra6 27. h3 h6 28. Bg6 Ng8 29. Rd5 Raxd6 30. Rxd6 Rxd6 31. Rf7 Rd1+ 32. Kh2 Qd6 33. Qxd6 Rxd6 34. Ra7 Rxg6 35. Rxa5 Rb6 36. a4 bxa3 37. bxa3 Rb2 38. Kg3 Nf6 39. Ra8+ Kh7 40. a4 Ne4+ 41. Kf3 Nxf2 42. a5 Ra2 43. a6 Nd3 44. a7 Ne5+ 45. Ke4 Nc6 46. Kd5 Nxa7 47. g4 Ra5+ 48. Ke6 Kg6 49. h4 Ra4 50. h5+ Kh7 51. Kf5 Ra5+ 52. Kf4 Nc6 53. Rc8 Ne7 54. Kg3 Nxc8 0-1


[Site "https://www.chess.com"]

[Event "Titled Tuesday Blitz March 22 Early 2022"]
[White "Hoffmann, Asa"]
[Black "Chincholimath, Halsagar"]
[WhiteFideId "2001470"]
[BlackFideId "5022487"]
[WhiteElo "2117"]
[BlackElo "1737"]
[Result "1-0"]
[Round "03"]
[TimeControl "180+1"]
[Date "2022.03.22"]
[WhiteClock "0:01:19"]
[BlackClock "0:00:40"]

1. d4 d5 2. Bg5 c5 3. dxc5 Qa5+ 4. Nc3 Qxc5 5. Qxd5 Qxd5 6. Nxd5 Na6 7. e4 e6 8. Bxa6 exd5 9. Bb5+ Bd7 10. Bxd7+ Kxd7 11. exd5 Re8+ 12. Kf1 Ne7 13. c4 Nf5 14. Rd1 Bc5 15. Nf3 h5 16. g3 f6 17. Bd2 g5 18. Kg2 h4 19. h3 hxg3 20. fxg3 Be3 21. Rhe1 Bxd2 22. Rxe8 Rxe8 23. Rxd2 Ne3+ 24. Kf2 Nxc4 25. Rc2 b5 26. h4 gxh4 27. gxh4 Kd6 28. a4 a6 29. axb5 axb5 30. b3 Nb6 31. Rc6+ Kxd5 32. Rxb6 Kc5 33. Rxf6 Kb4 34. h5 Rh8 35. h6 Rh7 36. Nd4 Rh8 37. Ke3 Rd8 38. Rb6 Rd5 39. Rxb5+ Rxb5 40. Nxb5 1-0


[Site "https://www.chess.com"]